 Dungeon Crawl Stone Soup version 0.22.1-6-g1668fe2 (webtiles) character file.

854 Mufti the Cleaver (level 7, -7/62 HPs)
             Began as a Minotaur Berserker on Feb 7, 2019.
             Was a Priest of Trog.
             Mangled by Duvessa
             ... wielding a +0 short sword
              (9 damage)
             ... on level 4 of the Dungeon.
             The game lasted 00:30:54 (3761 turns).

Mufti the Cleaver (Minotaur Berserker)              Turns: 3761, Time: 00:30:54

Health: -7/62      AC:  7    Str: 23    XL:     7   Next: 70%
Magic:  6/6        EV: 12    Int:  4    God:    Trog [***...]
Gold:   146        SH:  0    Dex: 10    Spells: 6/6 levels left

rFire    . . .     SeeInvis .   a - +1 hand axe
rCold    . . .     Gourm    .   (no shield)
rNeg     . . .     Faith    .   l - +0 ring mail
rPois    .         Spirit   .   (helmet restricted)
rElec    .         Reflect  .   e - +0 cloak
rCorr    .         Harm     .   (no gloves)
MR       .....                  (no boots)
Stlth    +.........             (no amulet)
HPRegen  0.20/turn              (no ring)
MPRegen  0.10/turn              (no ring)

@: no status effects
A: retaliatory headbutt, horns 2
a: Berserk, Trog's Hand, Renounce Religion


You were on level 4 of the Dungeon.
You worshipped Trog.
Trog was most pleased with you.
You were not hungry.

You visited 1 branch of the dungeon, and saw 4 of its levels.

You collected 146 gold pieces.

Inventory:

Hand Weapons
 a - a +1 hand axe (weapon)
 d - a +0 hunting sling
 f - a +0 whip
 g - a +0 mace
 h - a +0 dagger
 i - a +0 club
 u - a +3 quarterstaff of chaos
 w - a +0 shortbow
 x - a +0 scythe
 z - the +9 dagger "Lixan" {drain, rN++ Int+2 Dex+4, unknown}
   (You found it on level 4 of the Dungeon)

   A truly terrible weapon, it drains the life of those it strikes.
   It affects your intelligence (+2).
   It affects your dexterity (+4).
   It greatly protects you from negative energy.
Missiles
 c - 195 stones
 j - 38 arrows (quivered)
Armour
 b - a +0 animal skin
 e - a +0 cloak (worn)
 l - a +0 ring mail (worn)
 s - a +0 robe
 y - a +2 robe of magic resistance
Wands
 v - a wand of iceblast (11)
Scrolls
 m - a scroll of teleportation
 o - 3 scrolls of noise {unknown}
 p - 3 scrolls of amnesia {unknown}
 q - 2 scrolls of identify {unknown}
 r - 2 scrolls of fog
Potions
 t - a potion of brilliance
 B - a potion of flight
Comestibles
 k - 2 rations


   Skills:
 + Level 5.8 Fighting
 + Level 8.0 Axes
 + Level 5.7 Armour
 + Level 3.1 Dodging
 + Level 1.0 Stealth


You had 6 spell levels left.
You didn't know any spells.
Your spell library was empty.

Dungeon Overview and Level Annotations

Branches:
Dungeon (4/15)
 Temple: D:4-7

Altars:
Nemelex Xobeh
Qazlal
Trog

Annotations:
D:4 Duvessa


Innate Abilities, Weirdness & Mutations

You reflexively headbutt those who attack you in melee.
You have a pair of horns on your head.


Message History

* * * LOW HITPOINT WARNING * * *
It was a potion of cancellation.
You feel magically purged. Duvessa hits you but does no damage.
You hit Duvessa.
Duvessa is heavily wounded.
Duvessa hits you with a short sword.
* * * LOW HITPOINT WARNING * * *
You hit Duvessa but do no damage. Your headbutt misses Duvessa.
Duvessa is heavily wounded.
Duvessa closely misses you. Duvessa hits you with a short sword.
* * * LOW HITPOINT WARNING * * *
You closely miss Duvessa. Your headbutt misses Duvessa.
Duvessa is heavily wounded.
Duvessa misses you.
You slash Duvessa! You headbutt Duvessa, but do no damage.
Duvessa is heavily wounded.
Duvessa hits you with a short sword.
* * * LOW HITPOINT WARNING * * *
Duvessa hits you with a short sword!
You die...

# #### # ... ## #
... #. #.. #. #.# #.
# #.#.#..# #. ..
.############.#.##.#
#. .#
......e)......#.##.#
#. .# #@......#.##.#
#. #.#.###.#.##[# #.
#.#.# #.#.##.## #.
#.#.# #.#.#...# #.
#.#.# #.......# ##
#.#.# ###.#...####
..#.# #.##......
###.# #.##.##### #.#
#.##.#


You could see Duvessa (berserk).

Vanquished Creatures
  Sigmund (D:4)
  Menkaure (D:4)
  2 phantoms
  A centaur (D:4)
  Dowan (D:4)
  Crazy Yiuf (D:3)
  An orc wizard (D:3)
  2 worker ants (D:4)
  A hound skeleton (D:4)
  5 adders
  An ooze (D:2)
  3 worms
  A dart slug (D:2)
  5 leopard geckos
  12 orcs (D:3)
  4 ball pythons (D:1)
  3 giant cockroaches
  4 goblins
  13 hobgoblins
  5 jackals
  2 quokkas (D:2)
  6 bats
  4 frilled lizards
  7 kobolds
  6 rats
  A fungus (D:1)
  A plant (D:1)
94 creatures vanquished.

Notes
Turn   | Place    | Note
-------+----------+-------------------------------------------
     0 | D:1      | Mufti the Minotaur Berserker began the quest for the Orb.
     0 | D:1      | Reached XP level 1. HP: 19/19 MP: 0/0
   401 | D:1      | Reached skill level 4 in Axes
   548 | D:1      | Reached XP level 2. HP: 27/27 MP: 1/1
  1222 | D:2      | Reached XP level 3. HP: 33/33 MP: 2/2
  1256 | D:2      | Found a stormy altar of Qazlal.
  1257 | D:2      | Noticed a fire elemental
  1268 | D:2      | Reached ** piety under Trog
  1274 | D:2      | Noticed an earth elemental
  1276 | D:2      | Noticed an air elemental
  1276 | D:2      | Noticed a water elemental
  1470 | D:2      | Found a bloodstained altar of Trog.
  1475 | D:2      | Found a sparkling altar of Nemelex Xobeh.
  1505 | D:2      | Reached XP level 4. HP: 35/41 MP: 3/3
  1743 | D:2      | Reached skill level 5 in Axes
  2075 | D:3      | Found a sparkling altar of Nemelex Xobeh.
  2257 | D:3      | Noticed a phantom
  2278 | D:3      | Killed a phantom
  2278 | D:3      | Reached XP level 5. HP: 35/47 MP: 4/4
  2355 | D:3      | Reached skill level 6 in Axes
  2475 | D:3      | Reached *** piety under Trog
  2480 | D:3      | Reached skill level 5 in Fighting
  2726 | D:3      | Found a runed door.
  2730 | D:3      | Noticed Crazy Yiuf
  2739 | D:3      | Killed Crazy Yiuf
  2739 | D:3      | Reached XP level 6. HP: 24/56 MP: 5/5
  3115 | D:4      | Reached skill level 7 in Axes
  3342 | D:4      | Noticed Sigmund
  3352 | D:4      | Killed Sigmund
  3352 | D:4      | Reached skill level 5 in Armour
  3352 | D:4      | Reached XP level 7. HP: 43/61 MP: 6/6
  3360 | D:4      | Got a sapphire dagger
  3527 | D:4      | Noticed Menkaure
  3537 | D:4      | Killed Menkaure
  3741 | D:4      | Noticed Dowan
  3742 | D:4      | Noticed Duvessa
  3753 | D:4      | Killed Dowan
  3753 | D:4      | Reached skill level 8 in Axes
  3753 | D:4      | Reached skill level 1 in Stealth
  3761 | D:4      | HP: 2/62 [Duvessa/short sword (5)]
  3761 | D:4      | Mangled by Duvessa

Skill      XL: |  1  2  3  4  5  6  7 |
---------------+----------------------+-----
Axes           | 4 5 6 7 8 |  8.0
Fighting       | 4 5 |  5.8
Armour         | 3 4 5 |  5.7
Dodging        | 3 |  3.1
Stealth        | 1 |  1.0

Action                   |  1- 3 |  4- 6 |  7- 9 || total
-------------------------+-------+-------+-------++-------
Melee: Hand axe          |   116 |   125 |    27 ||   268
       Headbutt          |    18 |    23 |     9 ||    50
  Use: Scroll            |     4 |       |       ||     4
       Potion            |     1 |     3 |     4 ||     8
 Stab: Sleeping          |     1 |       |       ||     1
  Eat: Ration            |     1 |     2 |       ||     3
Armor: Animal skin       |     3 |       |       ||     3
       Ring mail         |    17 |    33 |     7 ||    57
Dodge: Dodged            |    54 |    54 |    15 ||   123
